[Event "International chess holiday K31"]
[Site "Praha"]
[Date "2013.08.01"]
[Round "7"]
[White "Steve, Michel"]
[Black "Novák, Jindøich"]
[Result "1-0"]
[ECO "A40"]
[WhiteElo "1988"]
[BlackElo "2042"]
[Annotator "Koller,Martin"]
[PlyCount "85"]
[TimeControl "240+2"]

1. d4 e5 2. dxe5 Nc6 3. Nf3 Qe7 4. Bf4 Qb4+ 5. Bd2 Qc5 6. e4 Nxe5 7.
Be2 Nf6 8. Nc3 Bd6 9. O-O Nxf3+ 10. Bxf3 O-O 11. Be3 Qe5 12. g3 Qe7 13. Bg5 Qe6
14. Bg2 Ne8 15. Be3 Qc4 16. Re1 Bc5 17. Bf1 Qb4 18. a3 Qa5 19. b4 Bxb4 20. axb4
Qxb4 21. Nd5 Qxe4 22. Bc5 Qxe1 23. Qxe1 d6 24. Rxa7 Rb8 25. Bd4 Be6 26. c4 c6
27. Nf4 Nc7 28. Bb6 Na6 29. Nxe6 Rfe8 30. Bh3 fxe6 31. Bc7 Nxc7 32. Qb4 d5 33.
Rxb7 Na6 34. Rxb8 Nxb8 35. Qd6 e5 36. cxd5 cxd5 37. Qxd5+ Kh8 38. Qf7 Rd8 39.
Qe6 Rg8 40. Bg2 h6 41. Qg6 Rd8 42. Be4 Kg8 43. Bf5 1-0

[Event "International chess holiday K31"]
[Site "Praha"]
[Date "2013.08.01"]
[Round "8"]
[White "Taylor, Robert, Graham"]
[Black "Hánl, František"]
[Result "1/2-1/2"]
[ECO "C01"]
[WhiteElo "1960"]
[BlackElo "1953"]
[Annotator "Koller,Martin"]
[PlyCount "30"]
[TimeControl "240+2"]

1. e4 e6 2. d4 d5 3. exd5 exd5 4. Bd3 Bd6 5. Nf3 Ne7 6. O-O O-O 7. Bg5
f6 8. Bh4 Bf5 9. Bg3 Bxg3 10. hxg3 Nd7 11. Nh4 Bxd3 12. Qxd3 c6 13. Nd2 Qb6 14.
b3 Rae8 15. c4 Qd8 1/2-1/2

[Event "International chess holiday K31"]
[Site "Praha"]
[Date "2013.08.01"]
[Round "8"]
[White "Michálek, František"]
[Black "Dobiáš, Daniel"]
[Result "1-0"]
[ECO "C70"]
[WhiteElo "2063"]
[BlackElo "1800"]
[Annotator "Koller,Martin"]
[PlyCount "73"]
[TimeControl "240+2"]

1. e4 e5 2. Nf3 Nc6 3. Bb5 a6 4. Ba4 Bc5 5. c3 b5 6. Bb3 d6 7. d4 exd4
8. cxd4 Bb4+ 9. Nc3 Nf6 10. O-O Bg4 11. Be3 O-O 12. h3 Bh5 13. Nd5 Rc8 14. Nf4
Bxf3 15. Qxf3 Re8 16. Nh5 Nxh5 17. Qxf7+ Kh8 18. Qxh5 Rxe4 19. Bc2 Rh4 20. Qd5
Ne7 21. Qb3 c5 22. Bg5 Rxd4 23. Qf7 Rc7 24. a3 Bd2 25. Bf6 Nf5 26. Qxg7+ Rxg7
27. Bxd8 Rf7 28. g4 Ng7 29. g5 Kg8 30. Bf6 Rd5 31. Be4 Rf5 32. Bxf5 Nxf5 33.
Rad1 Bf4 34. Rfe1 Kf8 35. Re4 Be5 36. Bxe5 dxe5 37. Rxe5 1-0

[Event "International chess holiday K31"]
[Site "Praha"]
[Date "2013.08.01"]
[Round "8"]
[White "Hansch, Torsten"]
[Black "Michel, Steve"]
[Result "1-0"]
[ECO "B40"]
[WhiteElo "2117"]
[BlackElo "1988"]
[Annotator "Koller,Martin"]
[PlyCount "83"]
[TimeControl "240+2"]

1. e4 e6 2. d3 c5 3. Nf3 a6 4. g3 b5 5. Bg2 Bb7 6. O-O Be7 7. Nbd2 Nf6
8. Re1 d5 9. e5 Nfd7 10. Nf1 Nc6 11. h4 a5 12. N1h2 a4 13. h5 h6 14. Ng4 b4 15.
a3 Nb6 16. Be3 Ba6 17. axb4 Nxb4 18. Bf1 Nc6 19. Nd2 Nd7 20. Bf4 Nb6 21. c3 Qc7
22. Qc2 Bg5 23. Be3 Bxe3 24. Rxe3 Ne7 25. Ree1 Nf5 26. Nf3 Bb7 27. Bg2 Bc6 28.
Ngh2 g6 29. Ng4 Nd7 30. hxg6 fxg6 31. Qd2 Kf7 32. d4 c4 33. Bh3 Qd8 34. Nxh6+
Nxh6 35. Ng5+ Ke8 36. Nxe6 Qe7 37. Nc7+ Kd8 38. Nxa8 Nf5 39. Bxf5 gxf5 40. e6
Nf6 41. Qf4 Bxa8 42. Qb8# 1-0

[Event "International chess holiday K31"]
[Site "Praha"]
[Date "2013.08.01"]
[Round "8"]
[White "Anaškin, Arsenij"]
[Black "Pokorný, Jan"]
[Result "1/2-1/2"]
[ECO "B09"]
[WhiteElo "1820"]
[BlackElo "1930"]
[Annotator "Koller,Martin"]
[PlyCount "48"]
[TimeControl "240+2"]

1. e4 d6 2. d4 Nf6 3. Nc3 g6 4. f4 Bg4 5. Nf3 Bg7 6. Be2 c6 7. Be3 O-O
8. O-O a5 9. Qd2 b5 10. Bd3 b4 11. Ne2 Nbd7 12. h3 Bxf3 13. Rxf3 c5 14. c3 c4
15. Bc2 Rb8 16. cxb4 axb4 17. f5 e5 18. Bh6 exd4 19. Bxg7 Kxg7 20. Nxd4 Ne5 21.
Rf2 Qc8 22. Raf1 c3 23. bxc3 bxc3 24. Qf4 Qc4 1/2-1/2

[Event "International chess holiday K31"]
[Site "Praha"]
[Date "2013.08.01"]
[Round "8"]
[White "Novák, Jindøich"]
[Black "Ramien, David"]
[Result "0-1"]
[ECO "A10"]
[WhiteElo "2042"]
[BlackElo "1726"]
[Annotator "Koller,Martin"]
[PlyCount "63"]
[TimeControl "240+2"]

1. c4 g6 2. h4 Nf6 3. Nc3 Bg7 4. e4 d6 5. Be2 h5 6. d4 Nbd7 7. f4 e5 8.
Nf3 Qe7 9. O-O O-O 10. fxe5 dxe5 11. Bg5 c6 12. d5 Qc5+ 13. Kh1 Ng4 14. Qd2 f6
15. Na4 Qe7 16. d6 Qe6 17. c5 b5 18. cxb6 axb6 19. b3 Ba6 20. Bxa6 Rxa6 21. Qd3
Raa8 22. Be3 Nxe3 23. Qxe3 Qxd6 24. Nxb6 Nxb6 25. Qxb6 Rfb8 26. Rad1 Rxb6 neèitelné 27.
Rxd6 Rxa2 28. Nxe5 Kh7 29. Nd7 Rb5 30. Nxf6+ Kh6 31. Rxc6 Rxb3 32. Rg1 0-1

[Event "International chess holiday K31"]
[Site "Praha"]
[Date "2013.08.03"]
[Round "9"]
[White "Ramien, David"]
[Black "Hansch, Torsten"]
[Result "1/2-1/2"]
[ECO "B50"]
[WhiteElo "1726"]
[BlackElo "2116"]
[Annotator "Koller,Martin"]
[PlyCount "117"]
[TimeControl "240+2"]

1. e4 c5 2. Nf3 d6 3. Nc3 Nf6 4. e5 dxe5 5. Nxe5 e6 6. Bb5+ Nbd7 7. d4
a6 8. Bxd7+ Nxd7 9. O-O cxd4 10. Qxd4 Bc5 11. Qf4 Qf6 12. Qxf6 Nxf6 13. Nc4 Bd7
14. Be3 Bxe3 15. Nxe3 Rc8 16. Rfe1 O-O 17. Rad1 Rfd8 18. a3 Kf8 19. f3 Bc6 20.
Kf2 Rxd1 21. Rxd1 Ke7 22. Rd2 Rd8 23. Rxd8 Kxd8 24. Ke2 Ke7 25. Kd3 g5 26. Ne2
h5 27. Nd4 Bd7 28. b4 Ne8 29. Nb3 Nd6 30. Nc5 Bc6 31. c4 f5 32. a4 f4 33. Nc2
g4 34. Nd4 Bd7 35. Nxd7 Kxd7 36. c5 Nf5 37. Nxf5 exf5 38. Kd4 Kc6 39. Ke5 a5
40. b5+ Kxc5 41. Kxf5 gxf3 42. gxf3 Kb4 43. Kxf4 Kxa4 44. Kg5 Kxb5 45. f4 a4
46. f5 a3 47. f6 a2 48. f7 a1=Q 49. f8=Q Qg1+ 50. Kh6 Qxh2 51. Qe8+ Kb6 52.
Qe3+ Kc6 53. Qe8+ Kc5 54. Qe3+ Kb5 55. Qb3+ Kc6 56. Qc4+ Kb6 57. Qb4+ Kc7 58.
Qe7+ Kb6 59. Qb4+ 1/2-1/2

[Event "International chess holiday K31"]
[Site "Praha"]
[Date "2013.08.03"]
[Round "9"]
[White "Hánl, František"]
[Black "Michálek, František"]
[Result "1/2-1/2"]
[ECO "C29"]
[WhiteElo "1953"]
[BlackElo "2063"]
[Annotator "Koller,Martin"]
[PlyCount "61"]
[TimeControl "240+2"]

1. e4 e5 2. Nc3 Nf6 3. f4 d5 4. fxe5 Nxe4 5. d3 Nxc3 6. bxc3 d4 7. Nf3
Nc6 8. Be2 Be7 9. O-O Be6 10. a4 O-O 11. Rb1 b6 12. Bb2 Bc5 13. Kh1 dxc3 14.
Bxc3 Nd4 15. Nxd4 Bxd4 16. Qe1 c5 17. Bf3 Bd5 18. Bxd4 Bxf3 19. Bc3 Bd5 20. Qg3
Be6 21. Bd2 Qd4 22. h3 Kh8 23. a5 bxa5 24. Rb5 c4 25. Be3 Qc3 26. Qf2 cxd3 27.
cxd3 Qxd3 28. Rxa5 Bc4 29. Rc1 a6 30. Rc5 Be6 31. R5c3 1/2-1/2

[Event "International chess holiday K31"]
[Site "Praha"]
[Date "2013.08.03"]
[Round "9"]
[White "Steve, Michel"]
[Black "Taylor, Robert"]
[Result "0-1"]
[ECO "E99"]
[WhiteElo "1988"]
[BlackElo "1958"]
[Annotator "Koller,Martin"]
[PlyCount "43"]
[TimeControl "240+2"]

1. d4 Nf6 2. c4 g6 3. Nc3 Bg7 4. e4 d6 5. Nf3 O-O 6. Be2 e5 7. O-O Nc6
8. d5 Ne7 9. Ne1 Nd7 10. Be3 f5 11. f3 f4 12. Bf2 g5 13. Nd3 h5 14. Rc1 Nf6 15.
c5 g4 16. cxd6 cxd6 17. Nb5 g3 18. hxg3 fxg3 19. Be3 Nfxd5 20. exd5 Nf5 21. Qd2
Qh4 22. Rfd1 0-1

[Event "International chess holiday K31"]
[Site "Praha"]
[Date "2013.08.03"]
[Round "9"]
[White "Dobiáš, Daniel"]
[Black "Arsenij, Anaškin"]
[Result "0-1"]
[ECO "C45"]
[WhiteElo "1800"]
[BlackElo "1820"]
[Annotator "Koller,Martin"]
[PlyCount "91"]
[TimeControl "240+2"]

1. e4 e5 2. Nf3 Nc6 3. d4 exd4 4. Nxd4 Bc5 5. Be3 Qf6 6. c3 Nge7 7. g3
Bb6 8. Bg2 O-O 9. O-O d6 10. f4 Nxd4 11. Bxd4 Nc6 12. Bxb6 axb6 13. Nd2 Qh6 14.
Nc4 f5 15. Re1 Be6 16. Qd3 Rae8 17. e5 b5 18. Nd2 dxe5 19. Bxc6 bxc6 20. Rxe5
Rd8 21. Qe2 Bd5 22. c4 bxc4 23. Nxc4 Kh8 24. Ne3 Be4 25. Rd1 Qf6 26. a4 g5 27.
Rxd8 Rxd8 28. a5 gxf4 29. gxf4 Qg7+ 30. Kf2 Qh6 31. Ng2 Qxh2 32. Rxe4 fxe4 33.
a6 Re8 34. a7 Qh3 35. Qxe4 Rxe4 36. a8=Q+ Kg7 37. Qxc6 Re7 38. Qd5 Qe6 39. Qd4+
Kf7 40. Kf1 Qe4 41. Qc3 h5 42. Qb3+ Kf8 43. Qh3 Qe2+ 44. Kg1 Qg4 45. Qc3 Rg7
46. Qc5+ 0-1

[Event "International chess holiday K32"]
[Site "Praha"]
[Date "2013.07.28"]
[Round "1"]
[White "Hentzgen, Thomas"]
[Black "Plesnivý, Martin"]
[Result "1-0"]
[ECO "A22"]
[WhiteElo "2035"]
[BlackElo "1732"]
[Annotator "Koller,Martin"]
[PlyCount "37"]
[TimeControl "240+2"]

1. c4 e5 2. Nc3 Nf6 3. g3 d5 4. cxd5 Nxd5 5. Bg2 Nxc3 6. bxc3 c6 7. Rb1
Be7 8. Nf3 Nd7 9. O-O O-O 10. d3 Bf6 11. Nd2 Nb6 12. c4 Qe7 13. Ne4 Rd8 14. Qb3
Be6 15. Ba3 Qc7 16. Nxf6+ gxf6 17. Qb4 Rd7 18. Rb2 Nc8 19. Qf8# 1-0

[Event "International chess holiday K32"]
[Site "Praha"]
[Date "2013.07.28"]
[Round "1"]
[White "Nelson, Wayne"]
[Black "Fiala, Jan"]
[Result "0-1"]
[ECO "D05"]
[WhiteElo "2040"]
[BlackElo "1964"]
[Annotator "Koller,Martin"]
[PlyCount "126"]
[TimeControl "240+2"]

1. d4 d5 2. Nf3 Nf6 3. e3 e6 4. Bd3 c5 5. c3 a6 6. Nbd2 Nc6 7. O-O cxd4
8. exd4 Bd6 9. Re1 Qc7 10. Nf1 h6 11. Ng3 b5 12. Bc2 Kf8 13. Qe2 b4 14. Bd2 a5
15. Bd3 Qb6 16. Rec1 Ba6 17. Bxa6 Qxa6 18. Qxa6 Rxa6 19. cxb4 axb4 20. a3 bxa3
21. bxa3 Ke7 22. Rcb1 Rxa3 23. Rxa3 Bxa3 24. Rb7+ Nd7 25. Bf4 Bd6 26. Be5 f6
27. Bxd6+ Kxd6 28. Kf1 Ra8 29. Nh5 g6 30. Ng3 Ra4 31. Ne2 Ra1+ 32. Ne1 e5 33.
dxe5+ fxe5 34. Rb2 d4 35. Ng3 Nc5 36. Rd2 Kd5 37. f3 Na5 38. Ke2 Nc4 39. Rc2
Ra3 40. Ne4 Re3+ 41. Kd1 Nxe4 42. fxe4+ Rxe4 43. Ra2 Rh4 44. h3 e4 45. Ra8 d3
46. Rd8+ Kc5 47. Nxd3+ exd3 48. Rxd3 Nb2+ 49. Ke2 Nxd3 50. Kxd3 Kd5 51. Ke3 Ke5
52. Kf3 Kf5 53. Kg3 Ra4 54. Kf2 Ra3 55. g3 Ke4 56. g4 g5 57. Kg2 Kf4 58. Kf1
Ra2 59. Ke1 Ke3 60. Kf1 Rb2 61. Kg1 Kf3 62. h4 gxh4 63. g5 hxg5 0-1

[Event "International chess holiday K32"]
[Site "Praha"]
[Date "2013.07.28"]
[Round "1"]
[White "Hadžala, Daniel"]
[Black "Schreuder Peters, Misja"]
[Result "0-1"]
[ECO "A30"]
[WhiteElo "2088"]
[BlackElo "1915"]
[Annotator "Koller,Martin"]
[PlyCount "82"]
[TimeControl "240+2"]

1. c4 Nf6 2. Nc3 c5 3. g3 e6 4. Bg2 a6 5. Nf3 Qc7 6. O-O Be7 7. d3 O-O
8. a3 b6 9. Rb1 Nc6 10. Bf4 Qa7 11. b4 cxb4 12. axb4 Bxb4 13. Qb3 Bb7 14. Ne1
Bc5 15. e3 Na5 16. Qa4 Rac8 17. d4 Bxd4 18. exd4 Rxc4 19. Qa3 Bxg2 20. Nxg2
Rxd4 21. Ne3 Rc8 22. Ne2 Re4 23. Rfc1 Rxc1+ 24. Rxc1 Nc6 25. Qd6 h6 26. f3 Ra4
27. Nc4 Rxc4 28. Rxc4 b5+ 29. Rc5 Ne8 30. Qd3 Qxc5+ 31. Be3 Qd6 32. Qb3 Na5 33.
Qc3 Nc4 34. Bf4 e5 35. Bc1 Qc5+ 36. Kg2 d5 37. Qd3 Ned6 38. Nc3 d4 39. Ne4 Nxe4
40. Qxe4 Nd6 41. Qa8+ Qc8 0-1

[Event "International chess holiday K32"]
[Site "Praha"]
[Date "2013.07.28"]
[Round "1"]
[White "Janáèek, Jaroslav"]
[Black "Vítek, Jan"]
[Result "1-0"]
[ECO "C54"]
[WhiteElo "2042"]
[BlackElo "1824"]
[Annotator "Koller,Martin"]
[PlyCount "39"]
[TimeControl "240+2"]

1. e4 e5 2. Nf3 Nc6 3. Bc4 Bc5 4. c3 Nf6 5. d3 d6 6. Bb3 Bb6 7. Nbd2 h6
8. Nc4 Bg4 9. h3 Be6 10. O-O Qd7 11. Nh2 g5 12. Qf3 Ke7 13. Ne3 Bxe3 14. fxe3
Nh7 15. Ng4 Bxb3 16. axb3 Qe6 17. b4 b5 18. Nh2 Nf6 19. d4 g4 20. hxg4 neèitelné 1-0

[Event "International chess holiday K32"]
[Site "Praha"]
[Date "2013.07.28"]
[Round "1"]
[White "Placheta, Rostislav"]
[Black "Rommel, Wilfried"]
[Result "0-1"]
[ECO "C41"]
[WhiteElo "1784"]
[BlackElo "1927"]
[Annotator "Koller,Martin"]
[PlyCount "81"]
[TimeControl "240+2"]

1. e4 e5 2. Nf3 d6 3. d4 exd4 4. Nxd4 Nf6 5. Nc3 Be7 6. Be2 O-O 7. h3
Re8 8. O-O Nbd7 9. Bf4 Bf8 10. Bg5 c6 11. Nf5 Nc5 12. Qd4 Re5 13. f4 Ne6 14.
Qe3 Ra5 15. Kh1 Nxg5 16. fxg5 Nd7 17. Rad1 Ne5 18. Qf4 Ng6 19. Nh6+ gxh6 20.
Qxf7+ Kh8 21. gxh6 Qe7 22. Qc4 Be6 23. Qd4+ Re5 24. Bc4 Rd8 25. Bxe6 Qxe6 26.
Qxa7 Qe7 27. Qd4 Bxh6 28. Rf5 Bg7 29. Qf2 Rf8 30. Rxf8+ Bxf8 31. Rf1 Kg8 32. a3
Bg7 33. Qa7 h6 34. Qf2 Re6 35. Qf3 Rf6 36. Qd3 Rxf1+ 37. Qxf1 Bxc3 38. Qc4+ Kh7
39. Qxc3 Qxe4 40. Qd2 Nf4 41. Kh2 0-1

[Event "International chess holiday K32"]
[Site "Praha"]
[Date "2013.07.28"]
[Round "2"]
[White "Plesnivý, Martin"]
[Black "Hadžala, Daniel"]
[Result "0-1"]
[ECO "B07"]
[WhiteElo "1732"]
[BlackElo "2088"]
[Annotator "Koller,Martin"]
[PlyCount "60"]
[TimeControl "240+2"]

1. e4 d6 2. d4 Nf6 3. Nc3 c6 4. Bg5 Nbd7 5. f4 Qa5 6. Qd3 e5 7. Bxf6
Nxf6 8. dxe5 dxe5 9. fxe5 Ng4 10. Nf3 Bc5 11. Nd4 Nxe5 12. Qd2 Qc7 13. O-O-O
Bg4 14. Nde2 O-O 15. Kb1 b5 16. a3 a5 17. Na2 b4 18. axb4 axb4 19. Nxb4 Qa5 20.
c3 Nc4 21. Qg5 Bxb4 22. Qxa5 Bxa5 23. Rd4 Ne3 24. Ng3 Rab8 25. b4 c5 26. Rd3
Nxf1 27. Rxf1 cxb4 28. cxb4 Rxb4+ 29. Ka2 Bc7 30. Nf5 Be2 0-1

[Event "International chess holiday K32"]
[Site "Praha"]
[Date "2013.07.28"]
[Round "2"]
[White "Rommel, Wilfried"]
[Black "Hentzgen, Thomas"]
[Result "1/2-1/2"]
[ECO "B47"]
[WhiteElo "1927"]
[BlackElo "2035"]
[Annotator "Koller,Martin"]
[PlyCount "43"]
[TimeControl "240+2"]

1. e4 c5 2. Nf3 Nc6 3. d4 cxd4 4. Nxd4 e6 5. Nc3 Qc7 6. Ndb5 Qb8 7. g3
a6 8. Nd4 Bc5 9. Nb3 Ba7 10. Bf4 e5 11. Bd2 d6 12. Bc4 b5 13. Bd5 Bb7 14. O-O
Nce7 15. Bg5 f6 16. Bxg8 Nxg8 17. Bd2 Ne7 18. Qh5+ g6 19. Qh4 O-O 20. Rad1 Qc7
21. Bh6 Rf7 22. Rd2 1/2-1/2

[Event "International chess holiday K32"]
[Site "Praha"]
[Date "2013.07.28"]
[Round "2"]
[White "Nelson, Wayne"]
[Black "Placheta, Rostislav"]
[Result "1-0"]
[ECO "D00"]
[WhiteElo "2040"]
[BlackElo "1784"]
[Annotator "Koller,Martin"]
[PlyCount "89"]
[TimeControl "240+2"]

1. d4 Nf6 2. Bg5 d5 3. Bxf6 exf6 4. e3 Bd6 5. Ne2 c6 6. g3 Bg4 7. Nd2
O-O 8. Bg2 Re8 9. O-O Qc7 10. c4 dxc4 11. Nxc4 Nd7 12. Nxd6 Qxd6 13. Qc2 Bxe2
14. Qxe2 f5 15. Qc2 Qf6 16. Qb3 Rab8 17. Rac1 Nb6 18. Rc5 Nd7 19. Rc2 g6 20. d5
cxd5 21. Bxd5 Nb6 22. Bg2 Qe7 23. Rfc1 Qd8 24. Qa3 Re7 25. Qb3 Qd6 26. a4 Qe6
27. Qa3 Rd7 28. a5 Nd5 29. Rc8+ Rxc8 30. Rxc8+ Kg7 31. Qf8+ Kf6 32. h4 Qe7 33.
Qh8+ Ke6 34. Re8 Nf6 35. Rxe7+ Kxe7 36. Qb8 Rd1+ 37. Bf1 Ne4 38. Qxb7+ Kf8 39.
Qxa7 Nd2 40. Qa6 Ke7 41. Qe2 Rxf1+ 42. Qxf1 Nxf1 43. Kxf1 Kd6 44. b4 h5 45. Ke2
1-0

[Event "International chess holiday K32"]
[Site "Praha"]
[Date "2013.07.28"]
[Round "2"]
[White "Schreuder Peters, Misja"]
[Black "Janáèek, Jaroslav"]
[Result "1-0"]
[ECO "B07"]
[WhiteElo "1915"]
[BlackElo "2042"]
[Annotator "Koller,Martin"]
[PlyCount "85"]
[TimeControl "240+2"]

1. e4 d6 2. f4 Nf6 3. Nc3 g6 4. Nf3 Bg7 5. Be2 O-O 6. d3 c5 7. O-O Nc6
8. Kh1 Bg4 9. Be3 b5 10. h3 b4 11. Nd5 Bxf3 12. Bxf3 Nxd5 13. exd5 Nd4 14. Bxd4
Bxd4 15. Qc1 f5 16. a3 a5 17. c3 Bf6 18. Qd2 Qb6 19. Rab1 Rfb8 20. Qc2 Ra7 21.
g4 fxg4 22. Bxg4 Rab7 23. axb4 axb4 24. c4 Ra7 25. Kg2 b3 26. Qf2 Ra2 27. h4
Kg7 28. Kh3 h6 29. Qg2 Rh8 30. Bh5 g5 31. Qe4 g4+ 32. Kg3 Rf8 33. Qg6+ Kh8 34.
Qxh6+ Kg8 35. Qg6+ Bg7 36. Bxg4 Rf6 37. Be6+ Kf8 38. Qh7 Rxe6 39. dxe6 Qc6 40.
Rg1 d5 41. Qf5+ Bf6 42. cxd5 Qa6 43. Qg6 1-0

[Event "International chess holiday K32"]
[Site "Praha"]
[Date "2013.07.28"]
[Round "2"]
[White "Fiala, Jan"]
[Black "Vítek, Jan"]
[Result "1/2-1/2"]
[ECO "C42"]
[WhiteElo "1964"]
[BlackElo "1824"]
[Annotator "Koller,Martin"]
[PlyCount "77"]
[TimeControl "240+2"]

1. e4 e5 2. Bc4 Nf6 3. Nf3 Nxe4 4. d3 Nf6 5. Nxe5 d5 6. Qe2 Be7 7. Bb3
O-O 8. O-O Re8 9. d4 Bd6 10. f4 Nc6 11. c3 Ne7 12. c4 dxc4 13. Bxc4 Ned5 14.
Nxf7 Kxf7 15. Bxd5+ Nxd5 16. Qh5+ Kf8 17. Qxd5 Be6 18. Qf3 Bb4 19. Be3 Bd5 20.
Qf2 Qe7 21. Bd2 Bd6 22. Nc3 Bc4 23. Rfe1 Qf7 24. b3 Be6 25. Ne4 Be7 26. Ng3 Bf6
27. f5 Bd5 28. Qf4 Rad8 29. Bc3 c5 30. Rxe8+ Qxe8 31. Rd1 Qc6 32. Nh5 Bf7 33.
Nxf6 Qxf6 34. Kf2 g5 35. Qe4 Re8 36. Qf3 Qd6 37. g3 Qh6 38. Kg1 g4 39. Qf4
1/2-1/2

[Event "International chess holiday K32"]
[Site "Praha"]
[Date "2013.07.29"]
[Round "3"]
[White "Vítek, Jan"]
[Black "Schreuder, Peters,Misja"]
[Result "1/2-1/2"]
[ECO "A03"]
[WhiteElo "1824"]
[BlackElo "1915"]
[Annotator "Koller,Martin"]
[PlyCount "22"]
[TimeControl "240+2"]

1. f4 Nf6 2. Nf3 d5 3. e3 c5 4. b3 e6 5. Be2 Be7 6. Bb2 O-O 7. Ne5 Nfd7
8. Nxd7 Bxd7 9. d3 Nc6 10. Nd2 Bf6 11. Bxf6 Qxf6 1/2-1/2

[Event "International chess holiday K32"]
[Site "Praha"]
[Date "2013.07.29"]
[Round "3"]
[White "Janáèek, Jaroslav"]
[Black "Plesnivý, Martin"]
[Result "1-0"]
[ECO "E01"]
[WhiteElo "2042"]
[BlackElo "1732"]
[Annotator "Koller,Martin"]
[PlyCount "91"]
[TimeControl "240+2"]

1. Nf3 d5 2. c4 e6 3. b3 c6 4. g3 Nf6 5. Bg2 Bd6 6. Bb2 Nbd7 7. d4 O-O
8. O-O Re8 9. Ne5 Qc7 10. f4 c5 11. e3 Nb6 12. Nd2 Bd7 13. Rc1 Bc6 14. Nxc6
bxc6 15. Qf3 Nbd7 16. e4 dxe4 17. Nxe4 Nxe4 18. Qxe4 cxd4 19. Qxc6 Rac8 20.
Qxc7 Rxc7 21. Bxd4 Bc5 22. Rcd1 Nb6 23. Bxc5 Rxc5 24. Rd3 g6 25. Rfd1 Rb8 26.
Rd8+ Rxd8 27. Rxd8+ Kg7 28. Bf1 Rc7 29. Kf2 Kf6 30. Ke3 Ke7 31. Rh8 h5 32. Bd3
Kd6 33. Rh7 a5 34. Kd4 Rd7 35. Kc3 Kc7 36. Bc2 f5 37. Rxd7+ Kxd7 38. Kd4 Ke7
39. a3 Nc8 40. b4 axb4 41. axb4 Nd6 42. Bd3 Kf6 43. c5 Nb7 44. b5 g5 45. c6 Nd6
46. b6 1-0

[Event "International chess holiday K32"]
[Site "Praha"]
[Date "2013.07.29"]
[Round "3"]
[White "Placheta, Rostislav"]
[Black "Fiala, Jan"]
[Result "0-1"]
[ECO "B22"]
[WhiteElo "1784"]
[BlackElo "1964"]
[Annotator "Koller,Martin"]
[PlyCount "69"]
[TimeControl "240+2"]

1. e4 c5 2. c3 a6 3. d4 cxd4 4. cxd4 d5 5. e5 Bf5 6. Bd3 Bxd3 7. Qxd3
e6 8. Bd2 Nc6 9. Nf3 Qb6 10. b3 Rc8 11. O-O Nge7 12. Rc1 Nf5 13. g4 Nfe7 14.
Nc3 Ng6 15. Na4 Qa7 16. Ba5 b5 17. Nb2 Ba3 18. Qd2 O-O 19. b4 f6 20. Qc3 Bxb2
21. Qxb2 fxe5 22. Nxe5 Ncxe5 23. dxe5 Rxc1+ 24. Rxc1 Nf4 25. Rc5 Nh3+ 26. Kg2
Nxf2 27. Qxf2 Rxf2+ 28. Kxf2 h5 29. gxh5 Qf7+ 30. Kg3 Qxh5 31. Rc8+ Kf7 32. Bc7
Qg5+ 33. Kf3 Qf5+ 34. Ke3 Qe4+ 35. Kf2 0-1

[Event "International chess holiday K32"]
[Site "Praha"]
[Date "2013.07.29"]
[Round "3"]
[White "Hadžala, Daniel"]
[Black "Rommel, Wilfried"]
[Result "1-0"]
[ECO "E76"]
[WhiteElo "2088"]
[BlackElo "1927"]
[Annotator "Koller,Martin"]
[PlyCount "83"]
[TimeControl "240+2"]

1. d4 Nf6 2. c4 g6 3. Nc3 Bg7 4. e4 d6 5. f4 O-O 6. Nf3 c5 7. d5 b5 8.
cxb5 Qa5 9. Bd2 a6 10. a4 axb5 11. Bxb5 Na6 12. O-O Nb4 13. h3 Ba6 14. Ra3 Bxb5
15. axb5 Qb6 16. Be3 Nd7 17. Rb3 Qc7 18. Qe2 Rfb8 19. Rc1 Qa5 20. Ra3 Qc7 21.
Nd2 Nb6 22. Nc4 Nxc4 23. Qxc4 Qb7 24. e5 f6 25. exd6 exd6 26. f5 Qe7 27. Bf4 g5
28. Bg3 Qe3+ 29. Kh2 Qxc1 30. Bxd6 Qxb2 31. Bxb8 Qxa3 32. d6+ Kh8 33. Bc7 Bf8
34. d7 Be7 35. Qe4 Bd8 36. b6 Qa6 37. Bxd8 Rxd8 38. Qe8+ Rxe8 39. dxe8=Q+ Kg7
40. Qe7+ Kg8 41. Qxf6 Qb7 42. Qd8+ 1-0

[Event "International chess holiday K32"]
[Site "Praha"]
[Date "2013.07.29"]
[Round "3"]
[White "Hentzgen, Thomas"]
[Black "Nelson, Wayne"]
[Result "1-0"]
[ECO "A03"]
[WhiteElo "2035"]
[BlackElo "2040"]
[Annotator "Koller,Martin"]
[PlyCount "55"]
[TimeControl "240+2"]

1. f4 d5 2. g3 Nf6 3. Bg2 Nbd7 4. Nf3 e6 5. d3 Be7 6. O-O c6 7. e3 Qb6
8. Qe2 Nf8 9. h3 Ng6 10. Qf2 O-O 11. Nc3 Bd7 12. Kh1 Rad8 13. g4 Bc8 14. Ne2 c5
15. Ng3 Ne8 16. Nh5 Nf6 17. Nxf6+ Bxf6 18. g5 Be7 19. h4 Bd6 20. h5 Ne7 21. Nh4
Bc7 22. Qe2 Nf5 23. Nxf5 exf5 24. b3 Rfe8 25. Qf3 Be6 26. Bd2 Bc8 27. Bc1 g6
28. Bd2 {neèitelné} 1-0

[Event "International chess holiday K32"]
[Site "Praha"]
[Date "2013.07.30"]
[Round "4"]
[White "Plesnivý, Martin"]
[Black "Vítek, Jan"]
[Result "0-1"]
[ECO "A85"]
[WhiteElo "1732"]
[BlackElo "1824"]
[Annotator "Koller,Martin"]
[PlyCount "28"]
[TimeControl "240+2"]

1. d4 f5 2. c4 g6 3. Nc3 Nf6 4. e3 Bg7 5. Bd3 O-O 6.
Qc2 d6 7. f4 b6 8. Nf3 Na6 9. a3 c5 10. d5 Nc7 11. O-O Re8 12. e4 fxe4 13. Nxe4
e6 14. dxe6 Nxe6 {neèitelné} 0-1

[Event "International chess holiday K32"]
[Site "Praha"]
[Date "2013.07.30"]
[Round "4"]
[White "Fiala, Jan"]
[Black "Schreuder, Peters, Misja"]
[Result "1/2-1/2"]
[ECO "B27"]
[WhiteElo "1964"]
[BlackElo "1915"]
[Annotator "Koller,Martin"]
[PlyCount "51"]
[TimeControl "240+2"]

1. Nf3 c5 2. e4 g6 3. d4 cxd4 4. Qxd4 Nf6 5. Nc3 Nc6 6. Qd1 Bg7 7. Bb5
O-O 8. O-O d6 9. h3 a6 10. Bxc6 bxc6 11. Re1 h6 12. Bf4 Kh7 13. e5 dxe5 14.
Qxd8 Rxd8 15. Nxe5 Be6 16. Nxc6 Re8 17. Nd4 Bc8 18. Nc6 Nh5 19. Bd2 Be6 20. g4
Nf6 21. Nd4 Bc8 22. Nc6 Be6 23. f3 Nd5 24. Ne5 Rac8 25. Kf2 Nb4 26. Rac1
1/2-1/2

[Event "International chess holiday K32"]
[Site "Praha"]
[Date "2013.07.30"]
[Round "4"]
[White "Nelson, Wayne"]
[Black "Hadžala, Daniel"]
[Result "0-1"]
[ECO "A45"]
[WhiteElo "2040"]
[BlackElo "2088"]
[Annotator "Koller,Martin"]
[PlyCount "105"]
[TimeControl "240+2"]

1. d4 Nf6 2. Bg5 g6 3. Bxf6 exf6 4. e3 Bg7 5. Nd2 d6
6. Ne2 f5 7. g3 Bd7 8. Bg2 Bc6 9. d5 Bb5 10. c4 Bd7 11. Nc3 Bc8 12. Qc2 Nd7 13.
O-O O-O 14. Rab1 Re8 15. b4 Ne5 16. c5 a6 17. a4 h5 18. Ne2 g5 19. Nd4 Qf6 20.
b5 Bf8 21. bxa6 bxa6 22. N4f3 a5 23. Nxe5 dxe5 24. Qc3 Ba6 25. Rfc1 Qd8 26. d6
e4 27. dxc7 Qxc7 28. Qf6 Qd8 29. Qxf5 Bc8 30. Qxe4 Rxe4 31. Nxe4 Bf5 32. c6 Rc8
33. h3 Kg7 34. Rb7 Bxe4 35. Bxe4 Rc7 36. Bf3 h4 37. gxh4 gxh4 38. Rd1 Bd6 39.
Rd4 Qf6 40. Bg2 Rxb7 41. cxb7 Bb8 42. Rc4 Qa1+ 43. Bf1 Qb1 44. Rxh4 Qxb7 45.
Rg4+ Kf8 46. Bg2 Qb1+ 47. Bf1 Qd1 48. Kg2 Be5 49. Bb5 Ke7 50. Re4 Kd6 51. Rg4
Qd2 52. Re4 Ke6 53. Rg4 0-1

[Event "International chess holiday K32"]
[Site "Praha"]
[Date "2013.07.30"]
[Round "4"]
[White "Rommel, Wilfried"]
[Black "Janáèek, Jaroslav"]
[Result "0-1"]
[ECO "B33"]
[WhiteElo "1927"]
[BlackElo "2042"]
[Annotator "Koller,Martin"]
[PlyCount "51"]
[TimeControl "240+2"]

1. e4 c5 2. Nf3 Nc6 3. d4 cxd4 4. Nxd4 Nf6 5. Nc3 e5 6. Ndb5 d6 7. Bg5
a6 8. Na3 b5 9. Bxf6 gxf6 10. Nd5 f5 11. c3 Bg7 12. exf5 Bxf5 13. Nc2 O-O 14.
Nce3 Be6 15. g3 f5 16. f4 Rc8 17. a4 Ne7 18. axb5 Nxd5 19. Nxd5 Rc5 20. Bg2 e4
21. Nb4 Rxc3 22. O-O Qb6+ 23. Kh1 Rc5 24. Rxa6 Qxb5 25. Qd2 Bc4 26. Rd1 0-1